Map: Thunderbird LE

Players

TIME (Oliveira)

  • Race: Terran Terran
  • Spawn Location: 5:00

Neeb - Winner!

  • Race: Protoss Protoss
  • Spawn Location: 11:00

VOD

Have the link to the VOD?

Description

Time

  • Played on: Sept. 8, 2019, 11:57 a.m.
  • Length: 15:48
Show
View Real Time Build Order
Export as new Build Order

TIME Terran 

Build Orders: Reaper Expand, Mech 

Get SALT Encoding   

  12  0:00  SCV  
  13  0:13  SCV  
  14  0:16  Supply Depot  
  14  0:25  SCV  
  15  0:38  SCV  
  15  0:42  Barracks  
  16  0:44  Refinery  
  16  0:50  SCV  
  17  1:04  SCV  
  18  1:16  SCV  
  19  1:30  Reaper  
  19  1:31  Orbital Command  
  20  1:40  Command Center  
  20  1:50  Supply Depot  
  20  1:57  SCV  
  21  2:01  Marine  
  22  2:09  SCV  
  22  2:11  Factory  
  22  2:15  Refinery  
  23  2:21  Barracks Tech Lab, SCV  
  24  2:33  SCV  
  25  2:45  SCV  
  25  2:48  Barracks Reactor  
  26  2:52  Orbital Command  
  26  2:55  Refinery  
  26  2:58  SCV  
  27  3:01  Cyclone  
  30  3:10  SCV  
  30  3:12  Starport  
  31  3:19  SCV  
  32  3:22  SCV  
  32  3:27  Marine x2  
  32  3:30  Bunker  
  32  3:31  SCV  
  36  3:34  Siege Tank, SCV  
  38  3:43  SCV  
  38  3:45  Marine x2  
  38  3:46  SCV  
  41  3:54  Viking  
  41  3:55  SCV  
  43  4:01  SCV  
  42  4:03  Marine x2  
  42  4:07  SCV  
  45  4:12  Supply Depot  
  45  4:14  Siege Tank  
  45  4:16  SCV  
  49  4:19  SCV  
  49  4:21  Marine  
  49  4:23  Engineering Bay  
  51  4:26  Medivac  
  51  4:27  Marine  
  54  4:32  Supply Depot  
  54  4:34  SCV x2  
  56  4:39  Marine  
  56  4:44  Marine  
  58  4:47  Siege Tank  
  58  4:48  SCV  
  61  4:54  Missile Turret  
  61  4:57  Missile Turret  
  60  5:00  Marine  
  60  5:05  SCV  
  62  5:07  Starport Tech Lab, SCV  
  62  5:11  Marine  
  64  5:17  Supply Depot  
  64  5:18  SCV  
  64  5:20  Marine  
  66  5:22  SCV  
  70  5:28  Siege Tank  
  70  5:30  Marine  
  70  5:41  Marine  
  66  5:44  SCV  
  66  5:45  SCV  
  66  5:48  Marine  
  65  5:53  Viking  
  65  5:56  SCV  
  65  5:57  SCV  
  65  5:59  Marine  
  65  6:00  Siege Tank  
  65  6:01  Bunker  
  67  6:06  Marine  
  67  6:08  SCV  
  67  6:09  Bunker, SCV  
  69  6:11  Cloaking Field  
  69  6:17  Marine  
  70  6:20  SCV  
  70  6:23  Banshee  
  73  6:28  SCV  
  73  6:31  Supply Depot  
  74  6:39  Marine  
  72  6:42  Marine  
  72  6:44  SCV  
  72  6:45  Siege Tank  
  68  6:50  SCV  
  68  6:52  Command Center  
  66  6:55  Armory  
  66  6:56  Armory, SCV  
  66  6:57  Marine  
  66  6:59  Refinery  
  68  7:04  SCV  
  68  7:05  Banshee  
  68  7:08  SCV  
  74  7:16  SCV  
  74  7:20  Factory  
  74  7:21  Factory, SCV  
  75  7:24  Supply Depot  
  75  7:25  Siege Tank  
  75  7:26  Barracks Tech Lab  
  75  7:28  SCV  
  79  7:33  SCV  
  80  7:46  Terran Vehicle Weapons Level 1  
  80  7:47  SCV  
  80  7:48  Banshee  
  80  7:51  SCV  
  85  7:58  Siege Tank  
  88  8:00  SCV  
  88  8:03  SCV  
  88  8:04  Hellion x2  
  88  8:05  Orbital Command  
  91  8:06  Refinery  
  91  8:09  Refinery  
  91  8:12  SCV  
  92  8:15  SCV  
  92  8:16  Siege Tank  
  92  8:17  Supply Depot x2  
  96  8:24  SCV  
  96  8:26  Hellion x2  
  98  8:27  Factory x2, SCV  
  98  8:31  SCV  
  100  8:35  Terran Vehicle And Ship Armor Level 1  
  100  8:36  SCV  
  100  8:39  SCV  
  102  8:41  Siege Tank  
  102  8:43  SCV  
  102  8:46  Supply Depot  
  102  8:48  SCV  
  107  8:49  Hellion x2  
  107  8:51  Factory, SCV  
  112  8:55  Siege Tank, SCV  
  112  8:57  Supply Depot  
  112  9:02  Supply Depot  
  116  9:03  Supply Depot  
  116  9:17  Factory Reactor, Factory Tech Lab  
  116  9:18  Siege Tank  
  116  9:19  Hellion x2  
  116  9:21  Factory  
  116  9:23  Factory  
  120  9:26  Command Center  
  120  9:31  Infernal Pre-Igniter  
  120  9:36  Supply Depot  
  120  9:39  Siege Tank, Factory Tech Lab, Engineering Bay  
  120  9:40  Hellion x2  
  120  9:43  Hellion  
  120  9:44  SCV x2  
  129  9:46  Supply Depot  
  129  9:47  Siege Tank  
  132  9:54  Mag-Field Accelerator, Hellion  
  132  9:55  Hellion  
  132  9:58  Cyclone  
  139  10:02  Hellion  
  141  10:07  Factory Tech Lab  
  141  10:08  Factory Reactor  
  141  10:13  Cyclone  
  136  10:21  Siege Tank  
  136  10:32  Terran Vehicle And Ship Armor Level 2, Cyclone  
  136  10:34  SCV x2  
  141  10:38  Command Center  
  141  10:48  SCV  
  142  10:50  Cyclone  
  142  10:53  Cyclone  
  148  11:01  Cyclone  
  139  11:06  Cyclone x2, Hellion  
  139  11:07  Hellion x2  
  148  11:12  Hellion  
  148  11:16  Hellion x2  
  152  11:22  Cyclone  
  138  11:25  Cyclone  
  138  11:26  SCV  
  138  11:27  Planetary Fortress, SCV  
  138  11:28  SCV  
  138  11:30  Hellion x3  
  143  11:38  SCV  
  144  11:40  Cyclone x2  
  144  11:41  Hellion  
  144  11:42  Refinery, Hellion  
  152  11:48  Refinery  
  152  11:51  Cyclone  
  152  11:52  Command Center, Hellion x2  
  159  11:54  Cyclone  
  159  11:55  SCV x2  
  152  12:05  Hellion  
  152  12:06  Hellion  
  152  12:07  Terran Vehicle Weapons Level 2  
  152  12:08  SCV  
  147  12:09  Cyclone  
  147  12:15  Cyclone, Hellion x2  
  154  12:19  Cyclone  
  154  12:20  Hellion  
  154  12:22  Smart Servos, Hellion  
  161  12:27  Cyclone  
  161  12:28  Hellion  
  166  12:39  Cyclone  
  165  12:45  Cyclone  
  157  12:52  Cyclone x2  
  118  12:59  Cyclone, Hellion  
  118  13:03  Hellion x2  
  120  13:05  SCV  
  120  13:06  SCV  
  120  13:08  SCV, Hellion x2  
  120  13:11  Cyclone  
  120  13:12  SCV  
  129  13:14  Hellion  
  129  13:17  Siege Tank  
  129  13:18  SCV x2  
  136  13:26  Siege Tank x2, Hellion  
  144  13:27  Hellion x2  
  144  13:33  Cyclone  
  144  13:34  Hellion  
  151  13:35  Planetary Fortress  
  151  13:39  Hellion x2  
  154  13:50  Orbital Command  
  154  13:58  Thor  
  150  14:05  Thor  
  152  14:14  Thor  
  152  14:16  SCV  
  145  14:20  Hellion x2  
  145  14:23  Thor  
  155  14:28  Hellion  
  155  14:30  Hellion  
  140  14:50  Thor  
  140  14:51  Thor  
  135  14:55  Siege Tank  
  135  14:59  Hellion x10  
  127  15:07  SCV  
  132  15:18  Refinery  
Show
View Real Time Build Order
Export as new Build Order

Neeb Protoss - Winner!

Build Orders: 1 Gate Expand, Oracle Opening, Carriers 

Get SALT Encoding   

  12  0:00  Probe  
  13  0:12  Probe  
  14  0:17  Pylon  
  14  0:24  Probe  
  14  0:27  Assimilator  
  15  0:32  Probe  
  15  0:41  Probe  
  16  0:43  Gateway  
  17  0:53  Probe  
  18  1:05  Probe  
  19  1:17  Probe  
  20  1:24  Nexus  
  20  1:33  Cybernetics Core  
  20  1:34  Probe  
  21  1:40  Assimilator  
  21  1:46  Probe  
  22  1:49  Pylon  
  22  1:58  Pylon, Probe  
  22  1:59  Stalker  
  25  2:16  Stargate  
  25  2:20  Probe  
  26  2:22  Adept  
  26  2:26  Warp Gate  
  26  2:32  Probe x2  
  30  2:40  Probe  
  30  2:44  Probe  
  32  2:52  Adept  
  32  2:53  Oracle  
  32  2:54  Probe  
  32  2:56  Probe  
  39  3:06  Probe  
  39  3:08  Probe  
  41  3:15  Pylon  
  41  3:19  Probe  
  42  3:20  Probe  
  42  3:22  Adept  
  45  3:31  Oracle, Probe  
  48  3:44  Probe  
  48  3:45  Probe  
  50  3:56  Probe  
  50  3:57  Probe  
  48  4:02  Oracle  
  48  4:08  Probe  
  53  4:10  Probe  
  53  4:12  Nexus  
  53  4:13  Gateway  
  53  4:16  Gateway  
  51  4:20  Probe  
  51  4:22  Probe  
  53  4:24  Assimilator  
  53  4:26  Assimilator  
  53  4:32  Sentry  
  53  4:33  Probe  
  53  4:34  Probe  
  53  4:37  Pylon  
  57  4:40  Oracle  
  57  4:45  Probe  
  58  4:46  Probe  
  59  4:57  Probe  
  59  4:58  Probe  
  61  5:01  Stalker  
  61  5:02  Shield Battery  
  63  5:08  Stalker  
  63  5:09  Probe  
  63  5:12  Stalker  
  68  5:15  Forge  
  68  5:17  Gateway  
  68  5:18  Pylon, Probe  
  69  5:23  Shield Battery  
  69  5:24  Probe  
  69  5:25  Shield Battery  
  69  5:27  Stalker  
  68  5:35  Stalker  
  68  5:37  Stalker  
  68  5:40  Probe  
  68  5:41  Probe  
  66  5:44  Probe  
  60  5:50  Stalker  
  60  5:52  Probe  
  60  5:53  Oracle, Probe  
  65  5:58  Protoss Ground Armor Level 1  
  65  5:59  Stalker  
  65  6:02  Shield Battery  
  65  6:03  Shield Battery, Stalker  
  65  6:04  Shield Battery  
  69  6:13  Stalker  
  69  6:14  Stalker  
  69  6:15  Pylon  
  73  6:27  Stalker x2  
  73  6:31  Pylon  
  77  6:34  Pylon  
  77  6:37  Probe  
  77  6:38  Probe  
  77  6:41  Probe  
  77  6:46  Stalker x4  
  76  6:49  Probe  
  76  6:52  Probe  
  76  6:53  Probe, Assimilator  
  79  6:56  Twilight Council  
  79  6:57  Assimilator  
  79  6:59  Robotics Facility  
  79  7:01  Pylon, Probe  
  79  7:04  Probe  
  79  7:05  Probe, Sentry  
  84  7:08  Pylon  
  84  7:12  Pylon  
  84  7:13  Probe  
  85  7:16  Probe  
  85  7:17  Probe  
  87  7:24  Forge  
  87  7:28  Gateway x2, Blink  
  87  7:32  Gateway x2  
  87  7:36  Sentry  
  89  7:43  Nexus  
  89  7:46  Observer, Pylon  
  88  7:51  Stalker x2, Protoss Ground Weapons Level 1  
  88  7:54  Protoss Ground Armor Level 2  
  88  7:55  Pylon, Probe x2  
  91  8:01  Probe  
  90  8:06  Observer, Photon Cannon  
  90  8:07  Probe x2  
  90  8:10  Photon Cannon  
  93  8:13  Probe  
  93  8:19  Probe  
  95  8:23  Pylon, Robotics Bay  
  95  8:24  Probe  
  95  8:25  Probe, Robotics Facility  
  97  8:28  Pylon  
  97  8:31  Probe  
  98  8:35  Immortal  
  98  8:36  Probe  
  98  8:37  Probe  
  104  8:43  Probe  
  105  8:49  Probe  
  105  8:50  Stalker  
  105  8:52  Stalker x3  
  114  8:58  Photon Cannon  
  114  9:00  Photon Cannon  
  114  9:07  Pylon  
  114  9:09  Assimilator  
  113  9:13  Stalker x2  
  113  9:16  Disruptor x2  
  115  9:18  Probe  
  115  9:19  Probe  
  115  9:20  Assimilator  
  115  9:21  Protoss Air Weapons Level 1, Probe x2  
  125  9:36  Shield Battery, Stalker x5  
  135  9:41  Zealot  
  135  9:42  Disruptor  
  135  9:43  Disruptor, Charge  
  143  10:06  Fleet Beacon  
  143  10:07  Nexus  
  143  10:12  Disruptor x2  
  141  10:24  Stalker x5  
  149  10:35  Pylon  
  149  10:37  Gateway  
  149  10:39  Gateway  
  149  10:41  Gateway  
  147  10:44  Zealot x2, Stalker  
  147  10:46  Disruptor  
  147  10:49  Templar Archives  
  153  11:11  Stalker x7  
  165  11:24  Probe  
  152  11:28  Stargate  
  152  11:29  Stargate  
  152  11:32  Assimilator  
  148  11:34  Assimilator  
  148  11:38  Photon Cannon  
  145  11:41  Photon Cannon, High Templar x2, Zealot x6  
  145  11:42  Stargate, Zealot x3  
  145  11:43  Probe x2  
  169  11:52  Archon  
  164  12:04  Carrier  
  168  12:11  Stalker x6  
  178  12:16  Zealot x2, High Templar x2  
  178  12:20  Archon  
  186  12:30  Pylon  
  186  12:31  Carrier x2  
  186  12:32  Carrier  
  167  13:01  Carrier  
  161  13:11  Protoss Air Weapons Level 2  
  167  13:14  Protoss Shields Level 1  
  167  13:18  Zealot  
  167  13:30  Photon Cannon x2  
  167  13:32  Carrier  
  167  13:38  Dark Shrine  
  173  13:45  Stalker x3  
  179  13:51  Nexus  
  153  14:19  Carrier x3  
  153  14:22  High Templar x4  
  153  14:23  Zealot x3  
  183  14:35  Archon x2  
  167  14:49  Stalker  
  167  14:50  Stalker x4  
  177  14:52  Pylon  
  171  15:14  Stalker x2  
  171  15:15  Stalker x4  
  162  15:37  Stalker x4  
Tags
 
Add a new tag
Caveats
  • Supply blocks, unpowered buildings, or Contaminate may cause inaccurate times.
  • Supply counts are checked every 10 seconds.